 Dungeon Crawl Stone Soup version 0.22-a0-278-g8f80174 (webtiles) character file.

1676 neds the Grappler (level 8, -13/70 HPs)
             Began as a Troll Hunter on Mar 15, 2018.
             Was a Believer of Qazlal.
             Mangled by Duvessa
             ... wielding a +0 short sword
              (16 damage)
             ... on level 7 of the Dungeon.
             The game lasted 00:21:11 (5232 turns).

neds the Grappler (Troll Hunter)                    Turns: 5232, Time: 00:21:12

Health: -13/70     AC:  5    Str: 21    XL:     8   Next: 70%
Magic:  7/7        EV: 10    Int:  7    God:    Qazlal [**....]
Gold:   289        SH:  2    Dex: 12    Spells: 7/7 levels left

rFire    . . .     SeeInvis .     - Unarmed
rCold    . . .     Gourm    +   (no shield)
rNeg     . . .     Faith    .   b - +0 robe
rPois    .         Spirit   .   (helmet restricted)
rElec    .         Reflect  .   (no cloak)
rCorr    .         Harm     .   (gloves unavailable)
MR       .....                  (boots unavailable)
Stlth    +.........             (no amulet)
HPRegen  0.61/turn              (no ring)
MPRegen  0.10/turn              (no ring)

@: no status effects
A: large, unfitting armour, claws 3, fast metabolism 3, gourmand, regeneration
1, shaggy fur 1, tough skin 2
a: Upheaval, Renounce Religion


You were on level 7 of the Dungeon.
You worshipped Qazlal.
Qazlal was pleased with you.
You were full.

You visited 1 branch of the dungeon, and saw 7 of its levels.

You collected 379 gold pieces.
You spent 90 gold pieces at shops.

Inventory:

Hand Weapons
 a - a +0 short sword
 m - a +2 mace of crushing
 y - a +3 mace
Missiles
 c - 7 large rocks (quivered)
 d - 2 throwing nets
Armour
 b - a +0 robe (worn)
 u - a cursed -2 cloak
 D - a +1 hat
Jewellery
 r - an uncursed ring of protection from fire {unknown}
 A - a cursed ring of loudness {unknown}
 I - an uncursed amulet of the gourmand {unknown}
Wands
 k - a wand of random effects (20)
 o - a wand of polymorph (7)
 t - a wand of flame (20)
 F - a wand of digging (19)
 G - a wand of enslavement (5)
Scrolls
 e - 2 scrolls of amnesia
 g - 3 scrolls of magic mapping {unknown}
 h - 6 scrolls of teleportation
 n - 2 scrolls of random uselessness
 p - 2 scrolls of remove curse
 s - 2 scrolls of fog {unknown}
 w - 2 scrolls of fear {unknown}
 B - 2 scrolls of blinking {unknown}
Potions
 i - a potion of flight {unknown}
 j - 3 potions of heal wounds
 l - 2 potions of agility
 q - 3 potions of curing
 v - 2 potions of resistance
 x - a potion of degeneration {unknown}
 z - 2 potions of lignification {unknown}
 C - a potion of ambrosia {unknown}
 E - 2 potions of invisibility
 H - a potion of haste {unknown}
 K - a potion of cancellation {unknown}
Comestibles
 f - 12 rations


   Skills:
 - Level 1.5 Fighting
 - Level 5.1 Throwing
 - Level 1.5 Dodging
 - Level 0.3 Stealth
 * Level 10.2 Unarmed Combat


You had 7 spell levels left.
You didn't know any spells.

Dungeon Overview and Level Annotations

Branches:
Dungeon (7/15)             Temple (0/1) D:6

Altars:
Elyvilon
Makhleb
Qazlal
Ru
Wu Jian
Yredelemnul
Zin

Annotations:
D:7 Duvessa


Innate Abilities, Weirdness & Mutations

You are too large for most types of armour.
You have claws for hands.
Your metabolism is lightning-fast.
You like to eat raw meat.
Your natural rate of healing is unusually fast.
You are covered in fur. (AC +1)
You have very tough skin. (AC +2)


Message History

Duvessa barely misses you. The orc hits you.
You completely miss Duvessa.
Duvessa is lightly wounded.
Duvessa hits you with a short sword. The orc hits you.
Duvessa hits you with a short sword!
You mangle Duvessa!!
Duvessa is heavily wounded.
Duvessa misses you. The orc misses you.
You scratch Duvessa but do no damage.
Duvessa is heavily wounded.
Duvessa hits you with a short sword!
* * * LOW HITPOINT WARNING * * *
The orc hits you but does no damage.
An adder comes into view.
You scratch Duvessa but do no damage.
Duvessa is heavily wounded.
Duvessa hits you with a short sword!
* * * LOW HITPOINT WARNING * * *
Duvessa hits you with a short sword!
You die...

+## .....
...#+###++.....
...............#
............. .#
...........##.(#
...........S(..
..........(#
###....o...#
#....@e..#
#.......<#
##########


You could see Duvessa (berserk), an adder and an orc.

Vanquished Creatures
  Grinder (D:3)
  Eustachio (D:5)
  Edmund (D:5)
  A centaur (D:6)
  3 bullfrogs
  Dowan (D:7)
  A wyvern skeleton (D:6)
  A scorpion (D:4)
  A howler monkey (D:6)
  2 crimson imps
  An orc priest (D:6)
  5 orc wizards
  A bullfrog skeleton (D:6)
  Terence (D:2)
  3 iguanas
  A worker ant (D:4)
  Ijyb (D:5)
  Natasha (thrice) (D:2)
  A hound zombie (D:5)
  Robin (D:3)
  4 gnolls (D:2)
  6 adders
  A shadow imp (D:6)
  2 oozes (D:3)
  2 adder skeletons (D:4)
  An adder zombie (D:6)
  3 worms
  A dart slug (D:4)
  A leopard gecko (D:2)
  15 orcs
  8 giant cockroaches
  11 goblins
  14 hobgoblins
  14 jackals
  5 kobolds
  4 quokkas
  2 ball pythons
  9 bats
  3 frilled lizards
  A giant cockroach zombie (D:5)
  A leopard gecko skeleton (D:6)
  4 rats
143 creatures vanquished.

Notes
Turn   | Place    | Note
-------+----------+-------------------------------------------
     0 | D:1      | neds the Troll Hunter began the quest for the Orb.
     0 | D:1      | Reached XP level 1. HP: 19/19 MP: 0/0
   187 | D:1      | Reached skill level 1 in Unarmed Combat
   304 | D:1      | Reached XP level 2. HP: 27/27 MP: 1/1
   500 | D:1      | Reached skill level 2 in Unarmed Combat
   661 | D:2      | Reached XP level 3. HP: 27/33 MP: 2/2
  1162 | D:2      | Reached skill level 3 in Unarmed Combat
  1164 | D:2      | Reached XP level 4. HP: 24/41 MP: 3/3
  1227 | D:2      | Noticed Terence
  1248 | D:1      | Reached XP level 5. HP: 46/48 MP: 4/4
  1317 | D:2      | Killed Terence
  1317 | D:2      | Reached skill level 4 in Unarmed Combat
  1424 | D:2      | Noticed Natasha
  1426 | D:2      | Killed Natasha
  1597 | D:2      | Noticed Natasha
  1597 | D:2      | Killed Natasha
  2185 | D:2      | Noticed Natasha
  2188 | D:2      | Killed Natasha
  2214 | D:3      | Noticed Grinder
  2220 | D:3      | Killed Grinder
  2220 | D:3      | Reached skill level 5 in Throwing
  2220 | D:3      | Reached skill level 5 in Unarmed Combat
  2220 | D:3      | Reached XP level 6. HP: 29/55 MP: 5/5
  2311 | D:3      | Noticed Robin
  2669 | D:3      | Found a stormy altar of Qazlal.
  2677 | D:3      | Killed Robin
  2708 | D:3      | Became a worshipper of Qazlal Stormbringer
  2957 | D:3      | Reached skill level 6 in Unarmed Combat
  3056 | D:3      | Found a burning altar of Makhleb.
  3182 | D:4      | Found Zin's Purification Station.
  3185 | D:4      | Found a glowing silver altar of Zin.
  3190 | D:4      | Bought a potion of curing for 90 gold pieces
  3202 | D:4      | Reached XP level 7. HP: 62/62 MP: 6/6
  3600 | D:4      | Found a sacrificial altar of Ru.
  3605 | D:4      | Reached skill level 7 in Unarmed Combat
  3624 | D:4      | Reached * piety under Qazlal
  3766 | D:5      | Entered Level 5 of the Dungeon
  3808 | D:5      | Noticed Edmund
  3820 | D:5      | Killed Edmund
  3945 | D:5      | Reached skill level 8 in Unarmed Combat
  4088 | D:5      | Noticed Eustachio
  4092 | D:5      | Killed Eustachio
  4092 | D:5      | Reached XP level 8. HP: 63/70 MP: 7/7
  4132 | D:5      | Noticed Ijyb
  4144 | D:5      | Killed Ijyb
  4151 | D:5      | Found a white marble altar of Elyvilon.
  4236 | D:5      | Found a basalt altar of Yredelemnul.
  4350 | D:6      | Reached skill level 9 in Unarmed Combat
  4559 | D:6      | Found a staircase to the Ecumenical Temple.
  4577 | D:6      | Reached ** piety under Qazlal
  4749 | D:6      | Reached skill level 10 in Unarmed Combat
  4895 | D:6      | Found an ornate altar of the Wu Jian Council.
  5219 | D:7      | Noticed Dowan
  5220 | D:7      | Noticed Duvessa
  5224 | D:7      | Killed Dowan
  5231 | D:7      | HP: 3/70 [Duvessa/short sword (13)]
  5232 | D:7      | Mangled by Duvessa

Vault maps used:
D:1:      dpeg_arrival_leaves_temple_mockup
D:2:      uniq_terence, uniq_natasha
D:3:      nicolae_qazlal_eye_of_the_storm, bloody_makhleb,
          kennysheep_cross_room, uniq_robin, uniq_grinder
D:4:      nicolae_ru_great_annihilating_truth, zin_purify, first_ration,
          hangedman_abyss_or_decor_slice, hangedman_decor_lopped,
          minmay_box_of_dots
D:5:      kennysheep_ying_yang, st_stairs_13, uniq_edmund, uniq_ijyb,
          uniq_eustachio
D:6:      lemuel_doored_altar, temple_green, serial_curves, eino_curves_01,
          eino_curves_02, minmay_misc_feat_doors, serial_park_tiny_2,
          kennysheep_generic_room_6
D:7:      grunt_gozag_statues, uniq_duvessa, uniq_joseph

Skill      XL: |  1  2  3  4  5  6  7  8 |
---------------+-------------------------+-----
Unarmed Combat | 1 2 3 5 6 8 10 | 10.2
Throwing       | 4 5 |  5.1
Fighting       | |  1.5
Dodging        | |  1.5
Stealth        | |  0.3

Action                   |  1- 3 |  4- 6 |  7- 9 || total
-------------------------+-------+-------+-------++-------
Melee: Unarmed           |   134 |   115 |   168 ||   417
       Punch             |     2 |     1 |     5 ||     8
Throw: Large rock        |     2 |     6 |     7 ||    15
  Use: Scroll            |       |     3 |     5 ||     8
 Stab: Paralysed         |       |       |     1 ||     1
       Sleeping          |       |       |     1 ||     1
  Eat: Chunk             |    16 |    18 |    17 ||    51
Armor: Robe              |    73 |    35 |    37 ||   145
Dodge: Dodged            |    71 |    57 |    65 ||   193
Block: Other             |       |       |     5 ||     5

Table legend:
 A = Spawn XP
 B = Non-spawn XP
 C = Spawn XP percentage of total XP
 D = Spawn monster count
 E = Non-spawn monster count
 F = Spawn count percentage of total count
 G = Total turns spent on level
                    A         B        C        D         E        F      G
               +---------+---------+-------+---------+---------+-------+---------
         Total |       0 |    2395 |   0.0 |       0 |     143 |   0.0 |  5232
               +---------+---------+-------+---------+---------+-------+---------
           D:1 |       0 |      48 |   0.0 |       0 |      20 |   0.0 |   682
           D:2 |       0 |     318 |   0.0 |       0 |      39 |   0.0 |  1732
           D:3 |       0 |     362 |   0.0 |       0 |      26 |   0.0 |   750
           D:4 |       0 |     328 |   0.0 |       0 |      17 |   0.0 |   602
           D:5 |       0 |     507 |   0.0 |       0 |       9 |   0.0 |   518
           D:6 |       0 |     760 |   0.0 |       0 |      31 |   0.0 |   933
           D:7 |       0 |      72 |   0.0 |       0 |       1 |   0.0 |    15
               +---------+---------+-------+---------+---------+-------+---------
